 Dungeon Crawl Stone Soup version 0.23-a0-296-ga3b1b28 (webtiles) character file.

6981 Laiders72 the Thaumaturge (level 11, -6/71 HPs)
             Began as a Gargoyle Earth Elementalist on Oct 5, 2018.
             Was a Follower of Vehumet.
             Mangled by a phantasmal warrior (29 damage)
             ... led by a death knight
             ... on level 9 of the Dungeon.
             The game lasted 00:37:52 (10354 turns).

Laiders72 the Thaumaturge (GrEE)                   Turns: 10354, Time: 00:37:53

Health: -6/71      AC: 15    Str: 12    XL:     11   Next: 8%
Magic:  20/25      EV: 12    Int: 19    God:    Vehumet [*.....]
Gold:   486        SH:  0    Dex: 10    Spells: 21/30 levels left

rFire    + . .     SeeInvis .   k - staff of energy
rCold    . . .     Gourm    .   (no shield)
rNeg     + . .     Faith    .   u - +2 robe {rF+}
rPois    ∞         Spirit   .   (no helmet)
rElec    +         Reflect  .   L - scarf {repulsion}
rCorr    .         Harm     .   F - +1 pair of gloves
MR       .....                  C - +0 pair of boots
Stlth    ++........             (no amulet)
HPRegen  0.21/turn              o - ring of wizardry
MPRegen  0.19/turn              y - +2 ring of slaying

@: vulnerable, repel missiles
A: negative energy resistance 1, electricity resistance, unbreathing,
petrification resistance, rot immunity, AC +8
a: Renounce Religion


You were on level 9 of the Dungeon.
You worshipped Vehumet.
Vehumet was aware of your devotion.
You were hungry.

You visited 2 branches of the dungeon, and saw 11 of its levels.

You collected 486 gold pieces.

Inventory:

Hand Weapons
 x - a +1 flail
Missiles
 b - 213 stones (quivered)
 t - 41 arrows
Armour
 u - a +2 robe of fire resistance (worn)
 C - a +0 pair of boots (worn)
 F - a +1 pair of gloves (worn)
 L - a scarf of repulsion (worn)
Magical Staves
 k - an uncursed staff of energy (weapon)
Jewellery
 o - a ring of wizardry (left hand)
 y - a +2 ring of slaying (right hand)
 K - an uncursed ring of resist corrosion
 N - a +3 ring of dexterity
Wands
 i - a wand of clouds (3)
 r - a wand of digging (11)
 z - a wand of flame (33)
 J - a wand of acid (4)
 M - a wand of disintegration (7)
Scrolls
 c - a scroll of magic mapping
 e - a scroll of amnesia
 f - a scroll of noise {unknown}
 h - 2 scrolls of teleportation
 l - a scroll of fear
 v - 3 scrolls of enchant weapon
 w - 9 scrolls of remove curse
 E - a scroll of acquirement {unknown}
 G - a scroll of torment {unknown}
 H - a scroll of immolation {unknown}
 I - a scroll of fog {unknown}
Potions
 a - a potion of agility {unknown}
 g - a potion of brilliance {unknown}
 j - a potion of heal wounds
 m - 2 potions of degeneration {unknown}
 n - 2 potions of flight
 q - 3 potions of curing
 s - 2 potions of haste
 A - 3 potions of mutation {unknown}
 B - a potion of might {unknown}
Comestibles
 d - 13 rations


   Skills:
 + Level 9.5 Fighting
 - Level 6.0(6.1) Maces & Flails
 + Level 1.6(4.1) Staves
 - Level 1.5 Dodging
 - Level 2.1 Stealth
 + Level 10.1 Spellcasting
 - Level 3.0 Conjurations
   Level 0.7 Transmutations
 - Level 8.0 Earth Magic


You had 21 spell levels left.
You knew the following spells:

 Your Spells              Type           Power        Failure   Level  Hunger
a - Sandblast             Erth           #####.       1%          1    None
b - Stone Arrow           Conj/Erth      ####..       1%          3    None
c - Lee's Rapid Deconstr  Erth           #####.....   3%          5    None

Your spell library contained the following spells:

 Spells                   Type           Power        Failure   Level  Hunger
 Sting                    Conj/Pois      ###.         1%          1    None
 Passwall                 Tmut/Erth      ####....     1%          2    None
 Petrify                  Tmut/Erth      ####....     4%          4    None


Dungeon Overview and Level Annotations

Branches:
Dungeon (10/15)            Temple (1/1) D:6
   Lair: D:8-11         Orc: D:9-12

Altars:
Dithmenos
Fedhas
Gozag
Okawaru
Trog
Uskayaw
Vehumet
Wu Jian
Zin
The Shining One

Shops:
D:2 *

Annotations:
D:7 1 runed door


Innate Abilities, Weirdness & Mutations

You are resistant to torment.
Your stone body is resilient. (AC +8)
You are immune to poison.
You resist negative energy. (rN+)
You are resistant to electric shocks. (rElec)
You can survive without breathing.
You are immune to petrification.
You are immune to rotting.


Message History

The blast of sand hits the phantasmal warrior.
b - 214 stones The phantasmal warrior hits you!
Casting: Sandblast (safe; 1% risk of failure)
Confirm with . or Enter, or press ? or * to list all spells.
Aiming: Sandblast (safe; 1% risk of failure)
Press: ? - help, Shift-Dir - straight line, f/p - phantasmal warrior
Aim: a phantasmal warrior The blast of sand misses the phantasmal warrior.
b - 213 stones The phantasmal warrior closely misses you.
Casting: Sandblast (safe; 1% risk of failure)
Confirm with . or Enter, or press ? or * to list all spells.
Aiming: Stone Arrow (safe; 1% risk of failure)
Press: ? - help, Shift-Dir - straight line, f/p - phantasmal warrior
Aim: a phantasmal warrior The stone arrow hits the phantasmal warrior.
The phantasmal warrior is moderately damaged.
The phantasmal warrior hits you!!
You die...

## #.# #.[.# #... ##.# ######.###
##'## #..# #........# #....
###'###### #........#####....
#........# #........#...'....
###.<......# ###..........###...W
.##........###..........### #....
..'........+...#W.......# #....
###........#####@.......# #....
######'### ###.###### ##### #).#
#.# # ##)# #.# # #)# #.# # #.#
#.# ### #.# #.## #.. #######'####
#..# #..
###..........######.###########..


You could see a phantasmal warrior.

Vanquished Creatures
  A two-headed ogre (D:8)
  Pikel (D:6)
  A cyclops (D:9)
  A troll (D:5)
  A hornet (D:9)
  Prince Ribbit (D:7)
  Grinder (D:4)
  A hippogriff (D:7)
  A spriggan (D:8)
  Sigmund (D:6)
  A wraith (D:9)
  Eustachio (D:5)
  Menkaure (D:7)
  An acid dragon (D:8)
  An orc warrior (D:8)
  6 sky beasts
  A necrophage (D:6)
  7 ogres
  A centaur (D:5)
  A big kobold (D:7)
  4 bullfrogs
  A water moccasin zombie (D:8)
  3 scorpions
  16 wights
  A howler monkey (D:9)
  3 lava snakes (D:8)
  2 crimson imps
  3 orc priests
  4 hounds
  2 jellies
  A bullfrog skeleton (D:8)
  6 orc wizards
  Crazy Yiuf (D:7)
  Jessica (D:3)
  Ijyb (D:4)
  2 iguanas
  2 worker ants
  2 hound skeletons
  2 worker ant zombies
  A howler monkey zombie (D:8)
  9 adders
  3 gnolls (D:6)
  A shadow imp (D:7)
  An adder skeleton (D:4)
  A worm (D:5)
  A dart slug (D:3)
  7 leopard geckos
  21 orcs
  2 giant cockroaches (D:4)
  10 hobgoblins
  7 jackals
  6 kobolds
  2 quokkas
  7 ball pythons
  11 bats
  4 frilled lizards
  5 goblins
  2 jackal skeletons
  A leopard gecko skeleton (D:7)
  5 rats
195 creatures vanquished.

Vanquished Creatures (others)
  An orc (D:6)
1 creature vanquished.

Grand Total: 196 creatures vanquished

Notes
Turn   | Place    | Note
-------+----------+-------------------------------------------
     0 | D:1      | Laiders72 the Gargoyle Earth Elementalist began the quest
                  | for the Orb.
     0 | D:1      | Reached XP level 1. HP: 10/10 MP: 3/3
   287 | D:1      | Reached XP level 2. HP: 13/15 MP: 5/5
   866 | D:2      | Reached XP level 3. HP: 18/19 MP: 2/6
  1011 | D:2      | Reached skill level 5 in Earth Magic
  1028 | D:2      | Learned a level 3 spell: Stone Arrow
  1396 | D:2      | Found Gozag's Platinum Reserve.
  1406 | D:2      | Found an opulent altar of Gozag.
  1523 | D:2      | Reached XP level 4. HP: 24/24 MP: 8/8
  1743 | D:3      | Noticed Jessica
  1748 | D:3      | Killed Jessica
  1750 | D:3      | Reached skill level 3 in Spellcasting
  1750 | D:3      | Reached XP level 5. HP: 26/28 MP: 0/9
  2359 | D:3      | Reached skill level 4 in Spellcasting
  2366 | D:3      | Reached XP level 6. HP: 26/32 MP: 10/12
  2549 | D:3      | Learned a level 5 spell: Lee's Rapid Deconstruction
  3010 | D:4      | Noticed Ijyb
  3030 | D:4      | Killed Ijyb
  3030 | D:4      | Reached skill level 1 in Conjurations
  3083 | D:4      | Noticed Grinder
  3091 | D:4      | Killed Grinder
  3091 | D:4      | Reached XP level 7. HP: 36/36 MP: 0/14
  3279 | D:4      | Reached skill level 5 in Spellcasting
  3355 | D:5      | Entered Level 5 of the Dungeon
  3999 | D:5      | Noticed Eustachio
  4006 | D:5      | Killed Eustachio
  4006 | D:5      | Reached XP level 8. HP: 41/41 MP: 0/16
  4021 | D:5      | Reached skill level 6 in Spellcasting
  4297 | D:5      | Reached skill level 1 in Fighting
  4324 | D:5      | Noticed a troll
  4332 | D:5      | Killed a troll
  4349 | D:5      | Found a shadowy altar of Dithmenos.
  4361 | D:5      | Got a warped glaive
  4520 | D:6      | Noticed Sigmund
  4621 | D:6      | Found a staircase to the Ecumenical Temple.
  4621 | D:6      | Noticed Pikel
  4801 | D:6      | Reached XP level 9. HP: 49/51 MP: 9/19
  4815 | D:6      | Reached skill level 7 in Spellcasting
  5116 | D:6      | Killed Sigmund
  5181 | D:6      | Killed Pikel
  5181 | D:6      | Reached skill level 5 in Fighting
  5481 | D:6      | Identified the +7 glaive of Iconoclasm {antimagic, -Tele
                  | rElec Str+3 Int+8} (You found it on level 5 of the Dungeon)
  5906 | D:7      | Noticed Prince Ribbit
  5912 | D:7      | Killed Prince Ribbit
  5912 | D:7      | Reached skill level 5 in Maces & Flails
  6196 | D:7      | Reached skill level 8 in Spellcasting
  6429 | D:7      | Found a runed door.
  6433 | D:7      | Noticed Crazy Yiuf
  6440 | D:7      | Killed Crazy Yiuf
  6614 | D:7      | Found a runed door.
  6617 | D:7      | Noticed a sixfirhy
  6705 | D:7      | Reached XP level 10. HP: 60/60 MP: 20/22
  6721 | D:7      | Noticed Menkaure
  6724 | D:7      | Killed Menkaure
  8330 | D:8      | Reached skill level 9 in Spellcasting
  8423 | D:8      | Noticed a two-headed ogre
  8430 | D:8      | Killed a two-headed ogre
  8790 | D:9      | Noticed a cyclops
  8802 | D:9      | Killed a cyclops
  9063 | Temple   | Entered the Ecumenical Temple
  9070 | Temple   | Became a worshipper of Vehumet
  9569 | D:9      | Reached XP level 11. HP: 67/71 MP: 24/24
  9595 | D:9      | Reached skill level 10 in Spellcasting
  9706 | D:9      | Reached skill level 1 in Staves
  9863 | D:9      | Reached * piety under Vehumet
  9863 | D:9      | Offered knowledge of Sting by Vehumet.
  9979 | D:10     | Entered Level 10 of the Dungeon
  9979 | D:10     | Noticed a death knight
  9979 | D:10     | Noticed a skeletal warrior
  9979 | D:10     | Noticed a phantasmal warrior
  9990 | D:9      | HP: 1/71 [phantasmal warrior[a death knight] (29)]
 10024 | D:9      | HP: 2/71 [phantasmal warrior[a death knight] (3)]
 10354 | D:9      | Mangled by a phantasmal warrior

Vault maps used:
D:1:      mushboom_english_gardens
D:2:      nicolae_gozag_zags_fifth_avenue
D:3:      first_ration, uniq_jessica
D:4:      nrook_loot_triangle, uniq_grinder, uniq_ijyb
D:5:      grunt_dithmenos_smoke, uniq_eustachio
D:6:      minmay_temple_entry_purple_smoke, uniq_sigmund, uniq_pikel
D:7:      cheibrodos_shockbox, serial_aquarium, aquarium_bridge_square,
          aquarium_window_fake, aquarium_window_1, aquarium_view_2d,
          aquarium_balcony_3a, uniq_menkaure, uniq_prince_ribbit1,
          uniq_crazy_yiuf_cottage
D:8:      grunt_pizzeria, kennysheep_cross_room, minmay_misc_feat_x
D:10:     orc_0_dummy
Temple:   compressed_dpeg_triangle_lava_temple

Skill      XL: |  1  2  3  4  5  6  7  8  9 10 11 |
---------------+----------------------------------+-----
Earth Magic    | 4 5 6 8 |  8.0
Spellcasting   | 3 4 5 6 8 9 10 | 10.1
Conjurations   | 2 3 |  3.0
Fighting       | 3 6 9 |  9.5
Maces & Flails | 3 5 6 |  6.0
Staves         | 1 |  1.6
Dodging        | |  1.5
Stealth        | |  2.1
Transmutations | |  0.7

Action                   |  1- 3 |  4- 6 |  7- 9 | 10-12 || total
-------------------------+-------+-------+-------+-------++-------
Melee: Hand axe          |    91 |       |       |       ||    91
       Mace              |    16 |    60 |       |       ||    76
       Flail             |       |    92 |    74 |       ||   166
       Staff             |       |       |    76 |   188 ||   264
 Cast: Sandblast         |    13 |    17 |    35 |    53 ||   118
       Stone Arrow       |     1 |     5 |    66 |    69 ||   141
       Lee's Rapid Decon |       |       |       |     3 ||     3
  Use: Scroll            |       |     1 |    11 |     4 ||    16
       Potion            |       |       |     1 |     2 ||     3
 Stab: Sleeping          |     1 |       |       |     2 ||     3
  Eat: Chunk             |     2 |     6 |     6 |    11 ||    25
       Ration            |       |       |     2 |       ||     2
Armor: Robe              |    76 |   109 |   108 |   129 ||   422
Dodge: Dodged            |   110 |   159 |   150 |   100 ||   519

Table legend:
 A = Non-vault XP
 B = Vault XP
 C = Vault XP percentage of total XP
 D = Non-vault monster count
 E = Vault monster count
 F = Vault count percentage of total count
                 A         B        C        D         E       F
            +---------+---------+-------+---------+---------+-------
      Total |    7819 |    2154 |  21.6 |     185 |      10 |   5.1
            +---------+---------+-------+---------+---------+-------
        D:1 |      27 |       0 |   0.0 |      17 |       0 |   0.0
        D:2 |      60 |       0 |   0.0 |      21 |       0 |   0.0
        D:3 |     208 |      37 |  15.1 |      32 |       1 |   3.0
        D:4 |     130 |     317 |  70.9 |       9 |       2 |  18.2
        D:5 |     839 |     203 |  19.5 |      11 |       1 |   8.3
        D:6 |     868 |     874 |  50.2 |      14 |       2 |  12.5
        D:7 |     807 |     494 |  38.0 |      23 |       3 |  11.5
        D:8 |    2479 |     229 |   8.5 |      28 |       1 |   3.4
        D:9 |    2401 |       0 |   0.0 |      30 |       0 |   0.0
            +---------+---------+-------+---------+---------+-------
